 Dungeon Crawl Stone Soup version 0.15.2 (webtiles) character file.

48 GhostOklob the Cudgeler (level 3, -1/33 HPs)
             Began as a Deep Dwarf Berserker on Nov 7, 2015.
             Was a Follower of Trog.
             Slain by a green rat (4 damage)
             ... summoned by Eustachio
             ... on Level 5 of the Dungeon.
             The game lasted 00:01:45 (968 turns).

GhostOklob the Cudgeler (Deep Dwarf Berserker)       Turns: 968, Time: 00:01:46

HP  -1/33        AC  5     Str 20      XL: 3   Next: 50%
MP   3/3         EV 10     Int  7      God: Trog [*.....]
Gold 67          SH  0     Dex 13      Spells:  0 memorised,  2 levels left

rFire  . . .     SeeInvis .     a - +0 mace
rCold  . . .     Clarity  +     h - +0 ring mail
rNeg   . . .     rCorr    .     (no shield)
rPois  .         rRot     .     (no helmet)
rElec  .         Spirit   .     (no cloak)
SustAb .         Warding  .     (no gloves)
rMut   .         Stasis   .     (no boots)
Gourm  .                        i - amulet of clarity
MR     .....                    (no ring)
                                (no ring)

@: exhausted, non-regenerating, slowed, very slow, not resistant to hostile
enchantments, very unstealthy
A: damage resistance, recharge devices, sense surroundings 1, slow healing 3
a: Device Recharging, Burn Spellbooks, Berserk, Renounce Religion


You were on level 5 of the Dungeon.
You worshipped Trog.
Trog was aware of your devotion.
You were very hungry.

You visited 1 branch of the dungeon, and saw 5 of its levels.

You collected 67 gold pieces.


Innate Abilities, Weirdness & Mutations

You are resistant to damage.
You can recharge devices by infusing magical energy.
You passively map a small area around you.
You do not heal naturally.


   Skills:
 - Level 2.6 Fighting
 + Level 4.5 Maces & Flails
 - Level 2.1 Armour
 - Level 2.1 Dodging


You had 2 spell levels left.
You didn't know any spells.

Inventory:

Hand weapons
 a - a +0 mace (weapon)
Missiles
 j - 6 needles of confusion
Armour
 b - a +0 animal skin
 h - a +0 ring mail (worn)
Magical devices
 c - a wand of heal wounds (1) {!d@v2}
Comestibles
 d - 2 bread rations
 f - a meat ration
Scrolls
 e - a scroll of enchant weapon {unknown}
 k - a scroll of fear {unknown}
 m - a scroll of remove curse {unknown}
 n - a scroll of teleportation {unknown}
 o - a scroll of enchant armour {unknown}
Jewellery
 i - an amulet of clarity (around neck)
 l - a +2 ring of protection {unknown}
Potions
 g - a potion of curing {unknown}

Dungeon Overview and Level Annotations

Branches:
Dungeon (5/15)
 Temple: D:4-7

Altars:
Okawaru

Annotations:
D:5 Eustachio

, ### .... ,
###########<###....,
....................
###########.##.....
, ##..#...... * ,
#...#r# ... *
#....#.#@#* .
......###.g.#**
*#..<......r........
#.##.####..#######
,, * #. #..# # ...#
* #.... #.... #..#.
** * . #


You could see Eustachio, a green rat and a rat.


Message History

* * * LOW HITPOINT WARNING * * *
The green rat closely misses you.
You hit the quokka.
You kill the quokka!
The bat hits you but does no damage. The green rat bites you.
* * * LOW HITPOINT WARNING * * *
The green rat bites you.
* * * LOW HITPOINT WARNING * * *
You sock Eustachio!
Eustachio is severely wounded.
The bat hits you but does no damage.
Eustachio zaps a wand.
Eustachio is healed somewhat.
The green rat closely misses you.
Eustachio zaps a wand.
Eustachio is healed somewhat.
You hit Eustachio.
Eustachio is moderately wounded.
The green rat closely misses you. Eustachio barely misses you.
The green rat bites you. Eustachio closely misses you.
Unknown command.
You closely miss Eustachio.
Eustachio is moderately wounded.
The green rat bites you. Eustachio hits you with a falchion.
* * * LOW HITPOINT WARNING * * *
The green rat bites you.
* * * LOW HITPOINT WARNING * * *
You hit Eustachio but do no damage.
Eustachio is moderately wounded.
Eustachio hits you with a falchion.
* * * LOW HITPOINT WARNING * * *
The green rat bites you.
You die...

Action                   || total
-------------------------++-------
Melee: Mace              ||   104
Invok: Berserk           ||     1
       Trog's Hand       ||     1
Evoke: Wand              ||     4

Vault maps used:
D:1:      dpeg_arrival_water_fire, moated_statue
D:3:      first_bread, grunt_ministairs_8, kennysheep_generic_room_2
D:4:      okawaru_trees_2, nicolae_overflow_hidden_temple, serial_shops,
          nicolae_shop_trees, tso_altar, uniq_duvessa
D:5:      minmay_temple_entry_butterflies, serial_shops, shop,
          minmay_misc_feat_x, uniq_eustachio, uniq_pikel

Notes
Turn   | Place    | Note
--------------------------------------------------------------
     0 | D:1      | GhostOklob, the Deep Dwarf Berserker, began the quest for the Orb.
     0 | D:1      | Reached XP level 1. HP: 20/20 MP: 1/1
   445 | D:2      | Reached XP level 2. HP: 27/27 MP: 2/2
   640 | D:4      | Reached skill level 4 in Maces & Flails
   640 | D:4      | Reached XP level 3. HP: 20/33 MP: 3/3
   843 | D:4      | Acquired Trog's second power
   907 | D:4      | Found an iron altar of Okawaru.
   927 | D:5      | Entered Level 5 of the Dungeon
   927 | D:5      | Noticed Eustachio
   968 | D:5      | HP: 3/33 [Eustachio/falchion (2)]
   968 | D:5      | Slain by a green rat

Vanquished Creatures
  An iron imp (D:5)
  A worker ant (D:4)
  A giant gecko (D:2)
  An ooze (D:4)
  An orc (D:3)
  A ball python (D:2)
  2 bats
  4 hobgoblins
  2 quokkas (D:5)
  4 goblins
  3 kobolds
  7 rats
28 creatures vanquished.
